 Dungeon Crawl Stone Soup version 0.28.0-49-g6dfe1f597d (webtiles) character file.

Game seed: 12446660674628014671

72 Zeld the Skirmisher (level 4, 0/37 HPs)
             Began as a Formicid Fighter on May 18, 2022.
             Succumbed to a kobold brigand's curare-tipped dart
             ... in a sewer.
             The game lasted 00:01:51 (1179 turns).

Zeld the Skirmisher (Formicid Fighter)              Turns: 1179, Time: 00:01:52

Health: 0/37       AC:  8    Str: 23    XL:     4   Next: 50%
Magic:  4/4        EV:  9    Int:  7    God:
Gold:   89         SH:  4    Dex: 10    Spells: 3/3 levels left

rFire   . . .      SeeInvis +   a - +0 war axe
rCold   . . .      Faith    .   q - +0 buckler
rNeg    . . .      Spirit   .   b - +0 scale mail
rPois   .          Reflect  .   (helmet unavailable)
rElec   .          Harm     .   (no cloak)
rCorr   .          Rampage  .   f - +0 pair of gloves
Will    .....                   (no boots)
Stlth   ..........              (no amulet)
HPRegen 0.12/turn               (no ring)
MPRegen 0.09/turn               (no ring)

@: mighty, lethally poisoned (0 -> -2), very slow
A: permanent stasis, dig shafts and tunnels, antennae 3, four strong arms
a: Dig


You were in a sewer.
You visited 1 branch of the dungeon, and saw 3 of its levels.
You also visited: Sewer.

You collected 89 gold pieces.

Inventory:

Hand Weapons
 a - a +0 war axe (weapon)
Armour
 b - a +0 scale mail (worn)
 f - a +0 pair of gloves (worn)
 q - a +0 buckler (worn)
Scrolls
 c - a scroll of magic mapping {unknown}
 e - a scroll of torment {unknown}
 g - a scroll of identify {unknown}
 j - a scroll of enchant weapon {unknown}
Potions
 h - a potion of attraction {unknown}
 i - a potion of lignification {unknown}


   Skills:
 * Level 4.1 Fighting
 * Level 3.0 Axes
 + Level 3.7 Armour
 + Level 4.1 Shields


You had 3 spell levels left.
You didn't know any spells.
Your spell library was empty.

Dungeon Overview and Level Annotations

Branches:
Dungeon (3/15)              Sewer (1/1)

Altars:


Innate Abilities, Weirdness & Mutations

You cannot be hasted, slowed, berserked, paralysed or teleported.
You can dig through walls and to a lower floor.
You have a pair of large antennae on your head. (SInv)
Your four strong arms can wield two-handed weapons with a shield.


Message History

You are too injured to fight recklessly!
You are too injured to fight recklessly!
The kobold brigand shouts!
You hit the kobold brigand.
The kobold brigand is lightly wounded.
* * * LOW HITPOINT WARNING * * *
You feel very sick.
You feel very mighty all of a sudden.
You feel sick. You block the kobold's attack.
The kobold brigand splashes around in the water.
The jackal barks!
You slash the kobold brigand!
The kobold brigand is severely wounded.
You closely miss the kobold.
You feel sick. The kobold barely misses you.
The kobold brigand hits you with a +0 dagger.
* * * LOW HITPOINT WARNING * * *
Unknown command.
You miss the kobold brigand.
The kobold brigand is severely wounded.
You slash the kobold!
You kill the kobold!
* * * LOW HITPOINT WARNING * * *
You feel sick.
The kobold brigand hits you but does no damage.
A kobold comes into view. It is wielding a +0 short sword.
Unknown command.
Your unstable footing causes you to fumble your attack.
* * * LOW HITPOINT WARNING * * *
You feel sick.
The kobold shouts!
The kobold brigand barely misses you.
The kobold brigand hits you but does no damage.
Unknown command.
Press: ? - help, v - describe, . - travel
Here: a kobold brigand, wielding a +0 dagger and quivering curare-tipped darts (severely wounded) Some shallow water.
You closely miss the kobold brigand.
The kobold brigand is severely wounded.
You slash the kobold brigand!
You die...

##≈≈≈## #.≈≈≈.# #.≈≈≈.###
#.≈≈≈..∩# #.≈≈≈.###
#.≈≈≈.# ##≈≈≈≈.##
#################..≈≈≈..#
≈≈≈≈≈≈≈≈≈≈≈≈≈≈≈≈@K≈≈≈K..#
#################K≈≈≈≈≈.#
#.≈≈≈≈≈.# #h≈≈≈≈≈.#
#.≈≈≈≈≈≈# #.≈≈≈≈≈≈#
#.K≈≈≈≈≈# #≈.≈≈≈..#
#.≈.....#


You could see 2 kobold brigands, a jackal and 2 kobolds.

Vanquished Creatures
  2 river rats (Sewer)
  A worm (D:2)
  An orc (D:3)
  An endoplasm (D:1)
  6 giant cockroaches
  5 goblins
  5 hobgoblins
  4 jackals (D:1)
  5 kobolds
  6 quokkas
  A ball python (D:3)
  2 bats
  A frilled lizard (D:1)
  5 rats
45 creatures vanquished.

Notes
Turn   | Place    | Note
-------+----------+-------------------------------------------
     0 | D:1      | Zeld the Formicid Fighter began the quest for the Orb.
     0 | D:1      | Reached XP level 1. HP: 18/18 MP: 1/1
    33 | D:1      | Reached XP level 2. HP: 11/24 MP: 2/2
    86 | D:1      | Reached XP level 3. HP: 2/30 MP: 3/3
  1007 | D:3      | Found a glowing drain.
  1017 | D:3      | Reached XP level 4. HP: 37/37 MP: 4/4
  1027 | Sewer    | Entered a sewer
  1163 | Sewer    | Noticed a kobold brigand
  1173 | Sewer    | Noticed a kobold brigand
  1178 | Sewer    | HP: 1/37 [poisoned by a kobold brigand (curare-tipped
                  | dart)]
  1179 | Sewer    | Succumbed to a kobold brigand's curare-tipped dart

Illustrated notes

Levels and vault maps discovered:
D:1:      amcnicky_arrival_underground_garden, layout_rooms,
          dreamdust_ecumenical_altar_hidden_monk_grotto,
          hangedman_abyss_or_decor_stabs
D:2:      layout_loops_ring, minmay_vboxes
D:3:      layout_loops_ring, gup_sewer_entry_pipe,
          chequers_serial_rivers_micro_e, hangedman_abyss_or_decor_lesser_grid
Sewer:    sewer_kobolds

Skill      XL: |  1  2  3  4 |
---------------+-------------+-----
Shields        | 4 |  4.1
Fighting       | 4 |  4.1
Axes           | 3 |  3.0
Armour         | |  3.7

Action                   |  1- 3 |  4- 6 || total
-------------------------+-------+-------++-------
Melee: War axe           |    94 |    19 ||   113
  Use: Potion            |       |     1 ||     1
Armor: Scale mail        |    69 |     8 ||    77
Dodge: Dodged            |    64 |    12 ||    76
Block: Buckler           |    34 |     2 ||    36
